 Dungeon Crawl Stone Soup version 0.19-a0-934-gf1df8d1 (webtiles) character file.

8 ololoev the Charmwright (level 2, 22/22 HPs)
             Began as a Demonspawn Skald on July 7, 2016.
             Quit the game on level 1 of the Dungeon.
             The game lasted 00:00:51 (550 turns).

ololoev the Charmwright (Demonspawn Skald)           Turns: 550, Time: 00:00:51

Health: 22/22      AC:  3    Str: 12    XL:     2   Next: 0%
Magic:  5/5        EV: 11    Int: 13    God:
Gold:   19         SH:  0    Dex: 12    Spells: 1 memorised, 4 levels left

rFire  . . .     SeeInvis .     a - +0 falchion
rCold  . . .     Gourm    .     b - +0 leather armour
rNeg   . . .     Faith    .     (no shield)
rPois  .         Spirit   .     (no helmet)
rElec  .         Dismiss  .     (no cloak)
rCorr  .         Reflect  .     (no gloves)
SustAt .         Harm     .     (no boots)
MR     .....                    (no amulet)
Stlth  +.........               (no ring)
                                (no ring)

@: not resistant to hostile enchantments, very unstealthy
A: talons 1
a: no special abilities


Innate Abilities, Weirdness & Mutations

You have sharp toenails.

Inventory:

Hand Weapons
 a - a +0 falchion (weapon)
Armour
 b - a +0 leather armour (worn)
Scrolls
 e - a scroll of enchant armour {unknown}
 g - a scroll of identify {unknown}
Potions
 h - a potion of agility {unknown}
 i - 2 potions of brilliance {unknown}
Books
 c - a book of Battle

   Spells                             Type                      Level
   a - Infusion                       Charms                       1
   b - Shroud of Golubria             Charms/Translocation         2
   c - Song of Slaying                Charms                       2
   d - Spectral Weapon                Hexes/Charms                 3
   e - Regeneration                   Charms/Necromancy            3
Comestibles
 d - a bread ration
 f - a slice of pizza


   Skills:
 - Level 2.0 Fighting
 * Level 2.0 Long Blades
 + Level 1.4 Armour
 - Level 0.8 Dodging
 - Level 2.0 Spellcasting
 + Level 2.7 Charms


You had 4 spell levels left.
You knew the following spells:

 Your Spells              Type           Power        Failure   Level  Hunger
a - Infusion              Chrm           #...         12%         1    ##.....


You were on level 1 of the Dungeon.
You were not hungry.

You visited 1 branch of the dungeon, and saw 1 of its levels.

You collected 19 gold pieces.

#######################
#.....................#
#.###################.# #.#
#.###########.# #.#####
#...@...^..)#.# #.....#
#.#########.#.#######
#####.###.#.......#.#........
#...............#.#######
#####.#.....#...#........
#.#.......#.#(.......
#.#.......#.#........
#†#.......#.#........
#.#.........(........

Notes
Turn   | Place    | Note
-------+----------+-------------------------------------------
     0 | D:1      | ololoev the Demonspawn Skald began the quest for the Orb.
     0 | D:1      | Reached XP level 1. HP: 16/16 MP: 3/3
     1 | D:1      | Found a runed door.
     8 | D:1      | Reached skill level 1 in Armour
   539 | D:1      | Gained mutation: You have sharp toenails. [demonic ancestry]
   539 | D:1      | Reached XP level 2. HP: 22/22 MP: 5/5
   550 | D:1      | Quit the game

Dungeon Overview and Level Annotations

Branches:
Dungeon (1/15)

Altars:

Annotations:
D:1 1 runed door


Message History

The hobgoblin barely misses you.
You barely miss the hobgoblin. The hobgoblin barely misses you.
You riposte.
You hit the hobgoblin.
You kill the hobgoblin!
No target in view!
No target in view!
No target in view!
No target in view!
No target in view!
No target in view!
No target in view!
No target in view!
No target in view!
No target in view!
No target in view!
No target in view!
No target in view!
No target in view!
You see here a hobgoblin corpse.
A goblin comes into view.
The goblin throws a stone.
The stone hits you but does no damage.
You see here a stone.
A goblin is nearby!
A goblin is nearby!
The goblin throws a stone.
The stone hits you but does no damage.
You see here a stone.
The goblin throws a stone.
The stone hits you but does no damage.
You see here a stone.
The goblin throws a stone.
The stone hits you but does no damage.
You see here a stone.
The goblin throws a stone.
The stone closely misses you. The goblin hits you but does no damage.
You hit the goblin.
The goblin is severely wounded.
The goblin closely misses you.
You hit the goblin.
You kill the goblin!
No target in view!
No target in view!
No target in view!
No target in view!
No target in view!
No target in view!
No target in view!
No target in view!
No target in view!
No target in view!
No target in view!
No target in view!
No target in view!
No target in view!
No target in view!
No target in view!
No target in view!
No target in view!
No target in view!
No target in view!
No target in view!
You start resting.
HP restored.
i - 2 yellow potions You see here 21 stones.
A giant cockroach comes into view.
A giant cockroach is nearby!
A giant cockroach is nearby!
A giant cockroach is nearby!
The giant cockroach closely misses you.
You hit the giant cockroach.
The giant cockroach is severely wounded.
The giant cockroach closely misses you.
You riposte.
You hit the giant cockroach but do no damage.
The giant cockroach is severely wounded.
You hit the giant cockroach.
You kill the giant cockroach!
You have reached level 2!
You feel monstrous as your demonic heritage exerts itself.
Your demonic ancestry asserts itself...
Your toenails lengthen and sharpen.
Found a short sword.
Are you sure you want to abandon this character and quit the game? (Confirm with "yes".)

There were no monsters in sight!

Vanquished Creatures
  2 bats (D:1)
  A giant cockroach (D:1)
  2 hobgoblins (D:1)
  A kobold (D:1)
  A goblin (D:1)
7 creatures vanquished.

Action                   || total
-------------------------++-------
Melee: Falchion          ||    28
Armor: Leather armour    ||    14
Dodge: Dodged            ||    16

Vault maps used:
D:1:      dpeg_arrival_caged_fury, minmay_misc_feat_nine_boxes
